AoeStats
← Iaguinho Ohh+ Brabo

Arena

508963487Analyzed
3v3 RM · 8d ago on Sep 24, 2026· 48m 12s· 6 players
Game mode
Random Map
Map size
Normal (6 player)
Population
200
Speed
Normal
Resources
Standard
Victory
Conquest
Starting age
Dark Age
Ending age
Imperial Age
RankedLock teamsTeams togetherTeam positionsShared explorationLock speedFull tech treeHidden civsTurbo modeCheats
Victory
Defeat
🇺🇸 Turks · United States
886
+12
🇳🇱 Franks · Netherlands
719
+19
🇳🇱 Vietnamese · Netherlands
686
+20
🇳🇱 Burgundians · Netherlands
835
-19
🇧🇷 Turks · Brazil
796
-17
🇻🇪 Cumans · Venezuela
745
-15
bvh-*****
11:18 Feudal Age
15:29 Castle Age
13:40 Double-Bit Axe
16:22 Horse Collar
28:01 Imperial Age
25:17 Town Watch
26:28 Fletching
26:25 Treadmill Crane
30:03 Chemistry
Iaguinho Ohh+ Brabo
9:56 Feudal Age
13:00 Double-Bit Axe
17:41 Castle Age
17:53 Gold Mining
19:28 Wheelbarrow
20:01 Bow Saw
25:43 Imperial Age
23:52 Gold Shaft Mining
23:03 Horse Collar
38:19 Elite Janissary
39:24 Conscription
Lheudrin
0:43 Loom
13:32 Feudal Age
18:36 Horse Collar
27:56 Wheelbarrow
27:15 Town Watch
28:22 Double-Bit Axe
31:02 Castle Age
28:58 Gold Mining
29:36 Bloodlines
31:56 Stone Mining
32:41 Gold Shaft Mining
32:11 Heavy Plow
32:42 Forging
32:38 Scale Barding Armor
32:25 Fletching
32:35 Padded Archer Armor
32:36 Scale Mail Armor
32:49 Bow Saw
33:00 Light Cavalry
36:12 Caravan
37:02 Iron Casting
39:47 Hand Cart
42:05 Imperial Age
40:31 Chain Barding Armor
40:32 Capped Ram
41:23 Steppe Husbandry
42:24 Hand Cart
42:10 Town Patrol
43:09 Cuman Mercenaries
43:59 Hussar
45:30 Conscription
49:05 Plate Barding Armor
49:31 Blast Furnace
48:27 Bodkin Arrow
48:47 Leather Archer Armor
Hitman88
8:22 Loom
13:38 Feudal Age
19:05 Castle Age
17:05 Double-Bit Axe
17:28 Man-at-Arms
29:24 Treadmill Crane
30:05 Ballistics
32:45 Imperial Age
38:44 Heavy Camel Rider
JDM-Gaming
9:37 Feudal Age
12:56 Double-Bit Axe
12:55 Horse Collar
19:25 Castle Age
21:53 Scale Mail Armor
26:37 Bow Saw
26:22 Gold Mining
36:58 Imperial Age
37:57 Elite Fire Lancer
38:57 Chain Mail Armor
46:31 Loom
47:22 Wheelbarrow
47:33 Elite Skirmisher
48:12 Imperial Skirmisher
Dutchbugs
10:09 Feudal Age
11:11 Double-Bit Axe
17:45 Castle Age
17:32 Scale Barding Armor
23:06 Chain Barding Armor
27:00 Forging
30:20 Iron Casting
31:06 Husbandry
34:11 Imperial Age
34:12 Scale Mail Armor
34:15 Cavalier
35:46 Elite Skirmisher
38:21 Blast Furnace
38:16 Paladin
39:13 Imperial Skirmisher
41:21 Wheelbarrow
44:54 Plate Barding Armor
45:31 Murder Holes
47:48 Hand Cart
Connection lost

Rejoining the realm…

Still unreachable

The connection could not be restored.

Session expired

The server has moved on; the page needs a fresh start.